 Dungeon Crawl Stone Soup version 0.29.1-2-gbd0b4ee654 (webtiles) character file.

Game seed: 9689804422214348762

25 Hiippo the Sneak (level 2, 13/13 HPs)
             Began as a Spriggan Enchanter on Nov 29, 2022.
             Quit the game on level 2 of the Dungeon.
             The game lasted 00:07:07 (2186 turns).

Hiippo the Sneak (Spriggan Enchanter)               Turns: 2186, Time: 00:07:08

Health: 13/13      AC:  2    Str:  4    XL:     2   Next: 82%
Magic:  6/6        EV: 17    Int: 16    God:
Gold:   36         SH:  0    Dex: 15    Spells: 6/6 levels left

rFire   . . .      SeeInvis +   a - +1 dagger
rCold   . . .      Faith    .   (no shield)
rNeg    . . .      Spirit   .   b - +0 robe
rPois   .          Reflect  .   (helmet restricted)
rElec   .          Harm     .   (no cloak)
rCorr   .          Rampage  .   (gloves unavailable)
Will    .....                   (boots unavailable)
Stlth   +++.......              (no amulet)
HPRegen 0.04/turn               (no ring)
MPRegen 0.10/turn               (no ring)

@: very quick
A: very small, no large weapons, unfitting armour, see invisible, speed 3
a: no special abilities


You were on level 2 of the Dungeon.
You visited 1 branch of the dungeon, and saw 2 of its levels.

You collected 36 gold pieces.

Inventory:

Hand Weapons
 a - a +1 dagger (weapon)
 d - a +0 sling
Missiles
 g - 3 poisoned darts (quivered)
Armour
 b - a +0 robe (worn)
 j - a +0 pair of gloves
Scrolls
 h - a scroll of fog {unknown}
 i - a scroll of teleportation {unknown}
Potions
 c - 2 potions of invisibility
 e - a potion of curing {unknown}
 f - 2 potions of cancellation {unknown}


   Skills:
 + Level 2.3 Short Blades
 - Level 2.7 Dodging
 + Level 5.4 Stealth
 - Level 2.7 Spellcasting
 - Level 3.6 Hexes


You had 6 spell levels left.
You didn't know any spells.
Your spell library contained the following spells:

 Spells                   Type           Power      Damage    Failure   Level
 Confusing Touch          Hex            13%        N/A       13%         3
 Tukima's Dance           Hex            13%        N/A       13%         3
 Ensorcelled Hibernation  Hex/Ice        14%        N/A       14%         2
 Dazzling Flash           Conj/Hex       14%        N/A       28%         3


Dungeon Overview and Level Annotations

Branches:
Dungeon (2/15)

Altars:


Innate Abilities, Weirdness & Mutations

You are very small and have problems with some larger weapons.
You are too small for most types of armour.
You have supernaturally acute eyesight. (SInv)
You cover ground extremely quickly. (Speed+++)


Message History

A rat comes into view.
There is an open door here.
Found a hand axe and a scroll labelled DECIECW EKKOE.
The helpless rat fails to defend itself.
You impale the rat!!
You kill the rat!
i - a scroll labelled DECIECW EKKOE
Found a pair of gloves.
You see here a +0 pair of gloves.
j - a +0 pair of gloves This armour is too big for you!
Found a ring mail.
You see here a +0 ring mail.
You see here a +0 dagger.
Done exploring.
A nearby plant withers and dies.
Things that are here:
a +0 short sword; a kobold skeleton This armour is too big for you!
There is a stone staircase leading down here.
You climb downwards.
There is a stone staircase leading up here.
A kobold comes into view. It is wielding a +0 dagger.
Throw: 6 darts (poison)
Press: ? - help, Q - select action Shift-Dir - straight line, f - kobold
Aim: a kobold, wielding a +0 dagger and quivering stones (asleep, 98% to hit)
You throw a poisoned dart. The poisoned dart hits the kobold.
The kobold shouts!
Throw: 5 darts (poison)
Press: ? - help, Q - select action Shift-Dir - straight line, f/p - kobold
Aim: a kobold, wielding a +0 dagger and quivering stones (50% to hit)
You throw a poisoned dart. The poisoned dart misses the kobold.
Throw: 4 darts (poison)
Press: ? - help, Q - select action Shift-Dir - straight line, f/p - kobold
Aim: a kobold, wielding a +0 dagger and quivering stones (50% to hit)
You throw a poisoned dart. The poisoned dart hits the kobold.
The kobold is poisoned.
The kobold throws a stone.
The stone hits you but does no damage.
Unknown command.
Are you sure you want to abandon this character and quit the game? (Confirm with "yes".)

#. ##. #..
#.. #.. #..
###.#..####.#
.......@....#
...K..#.#####
.(..# #.# ###
#.# #.# #.#
#<# ###


You could see a kobold (poisoned).

Vanquished Creatures
  3 ball pythons (D:1)
  A bat (D:1)
  An endoplasm (D:1)
  2 giant cockroaches (D:1)
  5 goblins (D:1)
  3 hobgoblins (D:1)
  2 frilled lizards (D:1)
  4 kobolds (D:1)
  2 rats (D:1)
23 creatures vanquished.

Vanquished Creatures (others)
  190 plants (D:1)
190 creatures vanquished.

Grand Total: 213 creatures vanquished

Notes
Turn   | Place    | Note
-------+----------+-------------------------------------------
     0 | D:1      | Hiippo the Spriggan Enchanter began the quest for the Orb.
     0 | D:1      | Reached XP level 1. HP: 9/9 MP: 5/5
   311 | D:1      | Reached XP level 2. HP: 11/13 MP: 6/6
   550 | D:1      | Reached skill level 5 in Stealth
  2186 | D:2      | Quit the game

Illustrated notes

Levels and vault maps discovered:
D:1:      roderic_crop_circles_arrival_large, layout_basic
D:2:      wander_river, layout_basic, ebering_ecumenical_altar_box,
          minmay_box_of_dots

Skill      XL: |  1  2 |
---------------+-------+-----
Stealth        | 5 |  5.4
Short Blades   | 2 |  2.3
Dodging        | |  2.7
Spellcasting   | |  2.7
Hexes          | |  3.6

Action                   || total
-------------------------++-------
Melee: Dagger            ||   108
       Punch             ||     1
Throw: Dart              ||     3
 Stab: Sleeping          ||     3
Armor: Robe              ||    12
Dodge: Dodged            ||    64
